 Dungeon Sprint DCSS version 0.27.1-33-g824d729ab1 (webtiles) character file.

Game seed: 18242100406787643662

5469 Descartes the Spry (level 10, -7/51 HPs)
             Began as a Felid Warper on Dec 21, 2021.
             Was the Champion of Jiyva.
             Mangled by an iron dragon (8 damage)
             ... in the Dungeon (Sprint V: "Ziggurat Sprint").
             The game lasted 00:25:14 (381 turns).

Descartes the Spry (Felid Warper)                    Turns: 381, Time: 00:25:14

Health: -7/51      AC:  6    Str: 16    XL:     10   Next: 41%
Magic:  8/18       EV: 31    Int: 17    God:    Jiyva [******]
Gold:   0          SH:  0    Dex: 18    Spells: 0/19 levels left
                                        Lives:  0   Deaths: 2

rFire    + . .     SeeInvis +     - Unarmed
rCold    . . .     Faith    .   (shield unavailable)
rNeg     . . .     Spirit   .   (armour unavailable)
rPois    .         Reflect  .   (helmet unavailable)
rElec    .         Harm     .   (cloak unavailable)
rCorr    +         Rampage  .   (gloves unavailable)
Will     ++++.     NoTele   +   (boots unavailable)
Stlth    ++++......             H - amulet of regeneration
HPRegen  1.17/turn              v - +6 ring of strength
MPRegen  0.16/turn              G - ring "Buryic" {rF+ Will++ SInv}

@: quick
A: very small, claws 1, fangs 3, see invisible, speed 1, shaggy fur 2, stealthy
paws, no weapons or thrown items, no armour, multi-lived, iridescent scales 2,
thin skeletal structure 1, clever 1, strong-willed 1, eyeballs 1, tendrils,
engulf
a: Renounce Religion, Request Jelly, Slimify, Cure Bad Mutation


You were in the Dungeon.
You worshipped Jiyva.
Jiyva was exalted by your worship.
You visited 1 branch

Inventory:

Hand Weapons
 D - a +0 trident
Jewellery
 n - an amulet of reflection
 q - a ring of flight
 r - a +6 ring of dexterity
 s - a +6 ring of dexterity
 t - a +6 ring of intelligence
 u - a +6 ring of intelligence
 v - a +6 ring of strength (left paw)
 w - a +6 ring of strength
 G - the ring "Buryic" (right paw) {rF+ Will++ SInv}
   (You found it in the Dungeon)

   [ring of see invisible]

   rF:        It protects you from fire.
   SInv:      It lets you see invisible.
   Will:      It greatly increases your willpower.
 H - an amulet of regeneration (around neck)
 I - an amulet of magic regeneration
 M - a +6 ring of strength
Wands
 y - a wand of mindburst (7)
 z - a wand of iceblast (7)
 A - a wand of acid (7)
Scrolls
 a - 5 scrolls of blinking
 l - 4 scrolls of amnesia
 m - 7 scrolls of fog
 o - 5 scrolls of identify
 p - 2 scrolls of fear
Potions
 b - 9 potions of curing
 c - 9 potions of heal wounds
 d - 6 potions of haste
 e - 7 potions of magic
 f - 3 potions of berserk rage
 g - 2 potions of brilliance
 h - 2 potions of invisibility
 i - 4 potions of resistance
 k - 5 potions of might
Miscellaneous
 j - a box of beasts
 x - a lightning rod (4/4)
 B - a piece from Xom's chessboard (15/15)
 C - a condenser vane
 E - a phial of floods
 F - a tin of tremorstones (2/2)
 J - a box of beasts
 K - a piece from Xom's chessboard (15/15)


   Skills:
 + Level 10.6 Fighting
 + Level 18.2 Dodging
 - Level 4.4 Stealth
 + Level 14.7 Unarmed Combat
 - Level 5.0 Spellcasting
 - Level 17.9 Translocations
 + Level 5.4 Transmutations


You couldn't memorise any spells.
You knew the following spells:

 Your Spells              Type           Power      Damage    Failure   Level
a - Manifold Assault      Tloc           60%        N/A       1%          5
b - Blink                 Tloc           N/A        N/A       0%          2
c - Storm Form            Tmut/Air       6%         N/A       100%        7
d - Ensorcelled Hibernat  Hex/Ice        8%         N/A       22%         2
e - Teleport Other        Tloc           60%        N/A       1%          3

Your spell library contained the following spells:

 Spells                   Type           Power      Damage    Failure   Level
 Gell's Gravitas          Tloc           30%        N/A       1%          3
 Lesser Beckoning         Tloc           30%        N/A       1%          3
 Foxfire                  Conj/Fire      16%        2x1d4     14%         1
 Spider Form              Tmut/Pois      6%         N/A       14%         3
 Ignite Poison            Fire/Tmut/Pois 10%        N/A       21%         3
 Conjure Flame            Conj/Fire      4%         6-21      38%         3
 Inner Flame              Hex/Fire       4%         N/A       38%         3
 Sticky Flame             Conj/Fire      4%         2d3       80%         4
 Summon Lightning Spire   Summ/Air       4%         N/A       80%         4
 Shadow Creatures         Summ           N/A        N/A       100%        6
 Maxwell's Capacitive Co  Air            2%         ∞         100%        8
 Chain Lightning          Conj/Air       2%         3d2       100%        9
 Fire Storm               Conj/Fire      2%         8d1       100%        9


Dungeon Overview and Level Annotations

Branches:
Dungeon (1/1)

Altars:
Ashenzari
Cheibriados
Dithmenos
Elyvilon
Fedhas
Gozag
Hepliaklqana
Kikubaaqudgha
Makhleb
Nemelex Xobeh
Okawaru
Qazlal
Ru
Sif Muna
Trog
Uskayaw
Vehumet
Wu Jian
Xom
Yredelemnul
Zin
The Shining One
Beogh
Jiyva
Lugonu

Annotations:
D 1 transporter


Innate Abilities, Weirdness & Mutations

You have sharp claws.
You have razor-sharp teeth.
You have supernaturally acute eyesight. (SInv)
You cover ground quickly. (Speed+)
You are covered in thick fur. (AC +2)
Your paws help you pounce on unaware monsters.
You are incapable of wielding weapons or throwing items.
You cannot wear armour.
You gain extra lives every three experience levels.
You are mostly covered in iridescent scales. (AC +4)
You have a somewhat thin skeletal structure. (Dex +2, Stealth+)
Your mind is acute. (Int +2)
You are strong-willed. (Will+)
Your body has grown golden eyes which may confuse attackers. (Acc +3)
You are covered in slimy tendrils that may disarm your opponents.
Your melee attacks may engulf your foes in ooze.


Message History

Casting: Manifold Assault (dangerous; 1% risk of failure)
Confirm with . or Enter, or press ? or * to list all spells.
Space momentarily warps into an impossible shape!
You scratch the earth elemental. x3
Your rockslime is engulfed in freezing vapours.
You hear a distant slurping noise.
You feel your power returning. The earth elemental misses you.
The earth elemental hits your rockslime! x2
The iron dragon completely misses you. The iron dragon claws you!
You shudder from the blow and a jelly pops out!
The iron dragon barely misses you.
Casting: Manifold Assault (dangerous; 1% risk of failure)
Confirm with . or Enter, or press ? or * to list all spells.
Space momentarily warps into an impossible shape!
You scratch the iron dragon but do no damage.
You scratch the earth elemental but do no damage.
You claw the earth elemental!
You scratch the earth elemental but do no damage.
Your rockslime is engulfed in freezing vapours.
Your rockslime hits the iron dragon!!
The iron dragon stumbles backwards!
Your rockslime completely misses the earth elemental.
You hear a distant slurping noise.
Jiyva appreciates your sacrifice.
You feel your power returning.
You feel better. The earth elemental hits you.
Casting: Manifold Assault (dangerous; 1% risk of failure)
Confirm with . or Enter, or press ? or * to list all spells.
Space momentarily warps into an impossible shape!
You mangle the earth elemental!! x2
You destroy the earth elemental!
You scratch the iron dragon but do no damage.
You mangle the earth elemental!!
Your rockslime hits the iron dragon but does no damage.
Your rockslime completely misses the earth elemental.
The iron dragon bites you!!
You shudder from the blow and a jelly pops out!
The iron dragon claws you!!
* * * LOW HITPOINT WARNING * * *
You shudder from the blow and a jelly pops out!
The iron dragon tramples you!
You die...

∆∆∆∆∆ ▓..[[.||..▓
▓..§☼§☼§..▓...)))...▓
▓..§§§§○..▓.........▓
▓..°§☼§§..▓.........▓
▓..☼§☼☼§..▓.........▓
▓..§E☼§§..▓.........▓
▓..☼§J§§..▓.▓.....▓.▓
▓...EJEJ..▓....©....▓
▓..JD@J...▓▓▓▓▓▓▓▓▓▓▓
▓▓▓▓▓▓▓▓▓▓▓


You could see an iron dragon (ally target), 3 earth elementals, 3 friendly
rockslimes and 2 friendly quicksilver oozes.

Vanquished Creatures
  A mummy priest (D)
  2 death scarabs (D)
  A deep elf zephyrmancer (D)
  3 guardian mummies (D)
  3 ushabtiu (D)
  An orc warrior (D)
  4 earth elementals (D)
  5 scorpions (D)
  An iron imp (D)
  2 orc wizards (D)
  3 mummies (D)
  A shadow imp (D)
  A white imp (D)
  An adder zombie (D)
  2 orcs (D)
  2 jackals (D)
  A quokka skeleton (D)
  2 starspawn tentacles (D)
36 creatures vanquished.

Vanquished Creatures (collateral kills)
  A tentacled starspawn (D)
  A mummy priest (D)
  A crystal guardian (D)
  An iron golem (D)
  A wretched star (D)
  A deep elf knight (D)
  A deep elf pyromancer (D)
  2 deep elf zephyrmancers (D)
  A smoke demon (D)
  2 guardian mummies (D)
  4 merfolk (D)
  An ushabti (D)
  An air elemental (D)
  A yak (D)
  A water elemental (D)
  A quasit (D)
  An orc priest (D)
  An iron imp (D)
  A mummy (D)
  A jackal (D)
  A giant cockroach zombie (D)
26 creatures vanquished.

Vanquished Creatures (others)
  3 titans (shapeshifter) (D)
  2 acid blobs (shapeshifter) (D)
  A shadow dragon (shapeshifter) (D)
  A rockslime (shapeshifter) (D)
  A fire giant (shapeshifter) (D)
  An emperor scorpion (shapeshifter) (D)
  A quicksilver ooze (shapeshifter) (D)
  A dire elephant (shapeshifter) (D)
  An alligator (shapeshifter) (D)
  A two-headed ogre (shapeshifter) (D)
  A shock serpent (shapeshifter) (D)
  2 fire crabs (shapeshifter) (D)
  2 death drakes (shapeshifter) (D)
  2 glowing orange brains (shapeshifter) (D)
  A harpy (shapeshifter) (D)
  A mana viper (shapeshifter) (D)
  2 cyclopes (shapeshifter) (D)
  4 wolf spiders (shapeshifter) (D)
  4 shining eyes (shapeshifter) (D)
  An orb spider (shapeshifter) (D)
  A manticore (shapeshifter) (D)
  A moth of wrath (shapeshifter) (D)
  A guardian serpent (shapeshifter) (D)
  A water nymph (shapeshifter) (D)
  2 eyes of devastation (shapeshifter) (D)
  A cane toad (shapeshifter) (D)
  A rime drake (shapeshifter) (D)
  A komodo dragon (shapeshifter) (D)
  2 yaktaurs (shapeshifter) (D)
  A merfolk (shapeshifter) (D)
  2 jumping spiders (shapeshifter) (D)
  2 meliai (shapeshifter) (D)
  A hornet (shapeshifter) (D)
  3 dream sheep (shapeshifter) (D)
  A blink frog (shapeshifter) (D)
  A snapping turtle (shapeshifter) (D)
  A spriggan (shapeshifter) (D)
  4 redbacks (shapeshifter) (D)
  2 golden eyes (shapeshifter) (D)
  A hog (shapeshifter) (D)
  A fire bat (shapeshifter) (D)
  A naga (shapeshifter) (D)
  An acid dragon (shapeshifter) (D)
  2 swamp worms (shapeshifter) (D)
  3 floating eyes (shapeshifter) (D)
  A tengu (shapeshifter) (D)
  A howler monkey (shapeshifter) (D)
  2 jellies (shapeshifter) (D)
  A jelly (D)
  A worm (shapeshifter) (D)
  A quokka (shapeshifter) (D)
  A frilled lizard (shapeshifter) (D)
  A starspawn tentacle (D)
80 creatures vanquished.

Grand Total: 142 creatures vanquished

Notes
Turn   | Place    | Note
-------+----------+-------------------------------------------
     0 | D        | Descartes the Felid Warper began the quest for the Orb.
     0 | D        | Reached XP level 1. HP: 9/9 MP: 4/4
     0 | D        | Found a shimmering blue altar of Sif Muna.
     0 | D        | Found a sacrificial altar of Ru.
     0 | D        | Found a bloodstained altar of Trog.
     0 | D        | Found a stormy altar of Qazlal.
     0 | D        | Found an iron altar of Okawaru.
     0 | D        | Found a sparkling altar of Nemelex Xobeh.
     0 | D        | Found a blossoming altar of Fedhas.
     0 | D        | Found the +6 Majin-Bo {vamp, MP+6 Int+6}
     0 | D        | Found the +9 heavy crossbow "Sniper" {vorpal, Acc+∞ SInv}
     0 | D        | Found the +10 dark maul {vorpal}
     0 | D        | Found the +15 Maxwell's patent armour {-Cast -Tele rElec
                  | Will+ rCorr}
     0 | D        | Found the +18 shield of the Gong {rElec rN+ Will+ EV-5}
     0 | D        | Found the +14 obsidian axe {vorpal, Mesm Drain Fly SInv}
     0 | D        | Found the +7 great mace "Firestarter" {inner flame, rF++}
     0 | D        | Found the +6 shillelagh "Devastator" {shatter}
     0 | D        | Found the +11 plutonium sword {Contam Stlth-}
     0 | D        | Found the +8 lance "Wyrmbane" {slay drac, rPois rF+ rC+
                  | AC+3}
     0 | D        | Found the +9 sword of Zonguldrok {reap}
     0 | D        | Found the +13 scythe of Curses {drain, Drain}
     0 | D        | Found the +5 sword of Power {vorpal}
     0 | D        | Found the +7 mace of Variability {chain chaos}
     0 | D        | Found the +7 Singing Sword {vorpal, sonic wave}
     0 | D        | Found the +8 storm bow {elec, penet}
     2 | D        | Found a transporter.
     2 | D        | Found an ancient bone altar of Kikubaaqudgha.
     2 | D        | Found a viscous altar of Jiyva.
     2 | D        | Found a corrupted altar of Lugonu.
     2 | D        | Found a hazy altar of Hepliaklqana.
     2 | D        | Found a burning altar of Makhleb.
     2 | D        | Found an opulent altar of Gozag.
    30 | D        | Became a worshipper of Jiyva Jiaqusch the Shapeless
    30 | D        | Reached * piety under Jiyva
    30 | D        | Reached ** piety under Jiyva
    30 | D        | Reached *** piety under Jiyva
    30 | D        | Gained mutation: Your melee attacks may engulf your foes in
                  | ooze. [Jiyva's grace]
    30 | D        | Reached **** piety under Jiyva
    30 | D        | Gained mutation: You are clumsy. (Dex -2) [Jiyva's grace]
    30 | D        | Gained mutation: Your body sometimes deteriorates upon
                  | taking damage. [Jiyva's grace]
    30 | D        | Reached ***** piety under Jiyva
    30 | D        | Gained mutation: You are dopey. (Int -2) [Jiyva's grace]
    30 | D        | Reached ****** piety under Jiyva
    30 | D        | Lost mutation: Your body sometimes deteriorates upon taking
                  | damage. [Jiyva's grace]
    30 | D        | Gained mutation: You evolve. [Jiyva's grace]
    30 | D        | Lost mutation: Your melee attacks may engulf your foes in
                  | ooze. [Jiyva's grace]
    30 | D        | Gained mutation: Armour fits poorly on your pseudopods.
                  | [Jiyva's grace]
    30 | D        | Gained mutation: You tend to lose your temper in combat.
                  | [Jiyva's grace]
    30 | D        | Gained mutation: You are partially covered in large bone
                  | plates. (SH +4) [Jiyva's grace]
    30 | D        | Lost mutation: Armour fits poorly on your pseudopods.
                  | [Jiyva's grace]
    30 | D        | Lost mutation: You tend to lose your temper in combat.
                  | [Jiyva's grace]
    30 | D        | Gained mutation: You have a small jelly attached to you
                  | that may absorb incoming projectiles. [Jiyva's grace]
    30 | D        | Gained mutation: You have an increased reservoir of magic.
                  | (+10% MP) [Jiyva's grace]
    30 | D        | Gained mutation: Your body has grown golden eyes which may
                  | confuse attackers. (Acc +3) [Jiyva's grace]
    30 | D        | Lost mutation: Your body has grown golden eyes which may
                  | confuse attackers. (Acc +3) [Jiyva's grace]
    30 | D        | Gained mutation: You have a pair of small antennae on your
                  | head. [Jiyva's grace]
    30 | D        | Gained mutation: You are partially covered in iridescent
                  | scales. (AC +2) [Jiyva's grace]
    30 | D        | Gained mutation: Your flesh is cold resistant. (rC+)
                  | [Jiyva's grace]
    30 | D        | Lost mutation: You have a small jelly attached to you that
                  | may absorb incoming projectiles. [Jiyva's grace]
    30 | D        | Lost mutation: You are partially covered in iridescent
                  | scales. (AC +2) [Jiyva's grace]
    30 | D        | Gained mutation: You rapidly evolve. [Jiyva's grace]
    30 | D        | Lost mutation: You are clumsy. (Dex -2) [Jiyva's grace]
    30 | D        | Gained mutation: Armour fits poorly on your pseudopods.
                  | [Jiyva's grace]
    30 | D        | Gained mutation: You passively dampen the noise of your
                  | surroundings. [Jiyva's grace]
    30 | D        | Gained mutation: Your muscles are strong. (Str +2) [Jiyva's
                  | grace]
    30 | D        | Gained mutation: You have a small jelly attached to you
                  | that senses nearby items. [Jiyva's grace]
    30 | D        | Lost mutation: You have a pair of small antennae on your
                  | head. [Jiyva's grace]
    30 | D        | Gained mutation: You have a pair of small antennae on your
                  | head. [Jiyva's grace]
    30 | D        | Lost mutation: Armour fits poorly on your pseudopods.
                  | [Jiyva's grace]
    30 | D        | Lost mutation: Your muscles are strong. (Str +2) [Jiyva's
                  | grace]
    30 | D        | Gained mutation: Your translucent skin slightly reduces
                  | your foes' accuracy. (Stealth+) [Jiyva's grace]
    30 | D        | Gained mutation: You have a small jelly attached to you
                  | that may absorb incoming projectiles. [Jiyva's grace]
    30 | D        | Gained mutation: You are covered in slimy tendrils that may
                  | disarm your opponents. [Jiyva's grace]
    31 | D        | Reached skill level 5 in Dodging
    31 | D        | Reached XP level 2. HP: 13/13 MP: 6/6
    31 | D        | Gained mutation: You are covered in thick fur. (AC +2)
                  | [Jiyva's grace]
    31 | D        | Gained mutation: Your natural rate of healing is unusually
                  | fast. [Jiyva's grace]
    31 | D        | Lost mutation: You have an increased reservoir of magic.
                  | (+10% MP) [Jiyva's grace]
    31 | D        | Lost mutation: You rapidly evolve. [Jiyva's grace]
    31 | D        | Lost mutation: You evolve. [Jiyva's grace]
    31 | D        | Gained mutation: You are somewhat resistant to further
                  | mutation. [Jiyva's grace]
    31 | D        | Lost mutation: You have a small jelly attached to you that
                  | may absorb incoming projectiles. [Jiyva's grace]
    31 | D        | Gained mutation: Your magical capacity is low. (-10% MP)
                  | [Jiyva's grace]
    31 | D        | Lost mutation: Your flesh is cold resistant. (rC+) [Jiyva's
                  | grace]
    31 | D        | Gained mutation: Your spells are a little easier to cast,
                  | but a little less powerful. [Jiyva's grace]
    31 | D        | Lost mutation: You are dopey. (Int -2) [Jiyva's grace]
    31 | D        | Lost mutation: You passively dampen the noise of your
                  | surroundings. [Jiyva's grace]
    32 | D        | Killed a wolf spider
    32 | D        | Lost mutation: You have a small jelly attached to you that
                  | senses nearby items. [Jiyva's grace]
    32 | D        | Gained mutation: You have a small jelly attached to you
                  | that senses nearby items. [Jiyva's grace]
    32 | D        | Lost mutation: Your spells are a little easier to cast, but
                  | a little less powerful. [Jiyva's grace]
    32 | D        | Killed a golden eye
    33 | D        | Killed a shining eye
    33 | D        | Gained mutation: You possess an exceptional clarity of
                  | mind. [Jiyva's grace]
    34 | D        | Entered arena 2.
    34 | D        | Killed a redback
    34 | D        | Lost mutation: You possess an exceptional clarity of mind.
                  | [Jiyva's grace]
    34 | D        | Gained mutation: You tend to lose your temper in combat.
                  | [Jiyva's grace]
    34 | D        | Gained mutation: Your melee attacks may engulf your foes in
                  | ooze. [Jiyva's grace]
    34 | D        | Lost mutation: You have a pair of small antennae on your
                  | head. [Jiyva's grace]
    34 | D        | Gained mutation: Your rubbery body absorbs attacks. (AC +1,
                  | EV +1) [Jiyva's grace]
    34 | D        | Killed a jumping spider
    34 | D        | Found a transporter.
    35 | D        | Killed a floating eye
    36 | D        | Killed a two-headed ogre
    37 | D        | Killed an eye of devastation
    37 | D        | Killed a redback
    37 | D        | Killed a shining eye
    37 | D        | Killed a glowing orange brain
    37 | D        | Lost mutation: Your magical capacity is low. (-10% MP)
                  | [Jiyva's grace]
    37 | D        | Gained mutation: You are agile. (Dex +2) [Jiyva's grace]
    37 | D        | Lost mutation: You are somewhat resistant to further
                  | mutation. [Jiyva's grace]
    37 | D        | Lost mutation: You are agile. (Dex +2) [Jiyva's grace]
    38 | D        | Lost mutation: You are covered in slimy tendrils that may
                  | disarm your opponents. [Jiyva's grace]
    39 | D        | Killed an eye of devastation
    39 | D        | Lost mutation: You tend to lose your temper in combat.
                  | [Jiyva's grace]
    39 | D        | Gained mutation: Your pliable body absorbs attacks. (AC +2,
                  | EV +2) [Jiyva's grace]
    39 | D        | Gained mutation: You possess an exceptional clarity of
                  | mind. [Jiyva's grace]
    39 | D        | Gained mutation: You have a small jelly attached to you
                  | that may absorb incoming projectiles. [Jiyva's grace]
    40 | D        | Killed a blink frog
    40 | D        | Gained mutation: Armour fits poorly on your pseudopods.
                  | [Jiyva's grace]
    41 | D        | Killed a shock serpent
    41 | D        | Killed a snapping turtle
    41 | D        | Lost mutation: You have a small jelly attached to you that
                  | may absorb incoming projectiles. [Jiyva's grace]
    41 | D        | Gained mutation: Your muscles are strong. (Str +2) [Jiyva's
                  | grace]
    41 | D        | Lost mutation: You have a small jelly attached to you that
                  | senses nearby items. [Jiyva's grace]
    41 | D        | Killed a cane toad
    42 | D        | Gained mutation: You expend magic power (3 MP) to
                  | strengthen your wands. [Jiyva's grace]
    43 | D        | Killed a meliai
    43 | D        | Killed a titan
    43 | D        | Lost mutation: You expend magic power (3 MP) to strengthen
                  | your wands. [Jiyva's grace]
    43 | D        | Killed a wolf spider
    43 | D        | Killed a glowing orange brain
    43 | D        | Gained mutation: You have a small jelly attached to you
                  | that senses nearby items. [Jiyva's grace]
    43 | D        | Lost mutation: Your pliable body absorbs attacks. (AC +2,
                  | EV +2) [Jiyva's grace]
    43 | D        | Gained mutation: Your muscles are very strong. (Str +4)
                  | [Jiyva's grace]
    43 | D        | Killed a shining eye
    43 | D        | Killed a fire crab
    43 | D        | Killed a howler monkey
    45 | D        | Lost mutation: Your muscles are very strong. (Str +4)
                  | [Jiyva's grace]
    45 | D        | Lost mutation: Your translucent skin slightly reduces your
                  | foes' accuracy. (Stealth+) [Jiyva's grace]
    45 | D        | Gained mutation: Your skin changes colour to match your
                  | surroundings (Stealth+). [Jiyva's grace]
    45 | D        | Killed an acid dragon
    45 | D        | Killed a manticore
    46 | D        | Lost mutation: Your skin changes colour to match your
                  | surroundings (Stealth+). [Jiyva's grace]
    46 | D        | Gained mutation: Your translucent skin slightly reduces
                  | your foes' accuracy. (Stealth+) [Jiyva's grace]
    46 | D        | Gained mutation: You have a pair of small horns on your
                  | head. [Jiyva's grace]
    46 | D        | Gained mutation: Armour fits poorly on your large
                  | pseudopods. [Jiyva's grace]
    46 | D        | Lost mutation: Your rubbery body absorbs attacks. (AC +1,
                  | EV +1) [Jiyva's grace]
    46 | D        | Lost mutation: You have a pair of small horns on your head.
                  | [Jiyva's grace]
    46 | D        | Killed a titan
    48 | D        | Reached XP level 3. HP: 4/16 MP: 7/7
    48 | D        | Killed a swamp worm
    48 | D        | Killed a rockslime
    48 | D        | Killed a wolf spider
    48 | D        | Lost mutation: You have a small jelly attached to you that
                  | senses nearby items. [Jiyva's grace]
    50 | D        | Gained mutation: Your spells are a little harder to cast,
                  | but a little more powerful. [Jiyva's grace]
    50 | D        | Killed a redback
    51 | D        | Lost mutation: Your muscles are strong. (Str +2) [Jiyva's
                  | grace]
    52 | D        | Killed a death drake
    52 | D        | Gained mutation: You passively map a small area around you.
                  | [Jiyva's grace]
    52 | D        | Killed a floating eye
    52 | D        | Killed a floating eye
    53 | D        | Entered arena 3.
    53 | D        | Noticed a guardian mummy
    53 | D        | Killed an acid blob
    53 | D        | Killed a titan
    53 | D        | Lost mutation: Armour fits poorly on your large pseudopods.
                  | [Jiyva's grace]
    53 | D        | Found a transporter.
    54 | D        | Killed a spriggan
    54 | D        | Killed an orb spider
    55 | D        | Killed a swamp worm
    55 | D        | Gained mutation: You evolve. [Jiyva's grace]
    56 | D        | Killed a mana viper
    56 | D        | Killed a cyclops
    56 | D        | Lost mutation: You possess an exceptional clarity of mind.
                  | [Jiyva's grace]
    57 | D        | Lost mutation: You are partially covered in large bone
                  | plates. (SH +4) [Jiyva's grace]
    57 | D        | Killed a shining eye
    58 | D        | Gained mutation: Your spells are harder to cast, but more
                  | powerful. [Jiyva's grace]
    58 | D        | Gained mutation: You have a somewhat thin skeletal
                  | structure. (Dex +2, Stealth+) [Jiyva's grace]
    58 | D        | Lost mutation: Your translucent skin slightly reduces your
                  | foes' accuracy. (Stealth+) [Jiyva's grace]
    58 | D        | Killed a jumping spider
    58 | D        | Killed a golden eye
    58 | D        | Lost mutation: Your melee attacks may engulf your foes in
                  | ooze. [Jiyva's grace]
    59 | D        | Killed a guardian mummy
    60 | D        | Reached skill level 7 in Dodging
    60 | D        | Reached skill level 5 in Unarmed Combat
    60 | D        | Reached XP level 4. HP: 12/22 MP: 8/11
    60 | D        | Reached XP level 5. HP: 14/25 MP: 8/12
    60 | D        | Killed a redback
    61 | D        | Killed a dream sheep
    62 | D        | Lost mutation: You evolve. [Jiyva's grace]
    62 | D        | Gained mutation: You have acidic saliva. [Jiyva's grace]
    63 | D        | Killed a dire elephant
    64 | D        | Killed a meliai
    65 | D        | Killed a dream sheep
    65 | D        | Killed a fire crab
    65 | D        | Lost mutation: Your spells are harder to cast, but more
                  | powerful. [Jiyva's grace]
    67 | D        | Killed a fire giant
    67 | D        | Killed a wolf spider
    68 | D        | Killed an acid blob
    68 | D        | Killed a rime drake
    68 | D        | Killed a fire bat
    70 | D        | Killed a moth of wrath
    71 | D        | Gained mutation: You occasionally shout uncontrollably at
                  | your foes. [Jiyva's grace]
    71 | D        | Gained mutation: You are partially covered in iridescent
                  | scales. (AC +2) [Jiyva's grace]
    71 | D        | Killed a guardian serpent
    72 | D        | Killed a yaktaur
    72 | D        | Killed a merfolk
    72 | D        | Lost mutation: Armour fits poorly on your pseudopods.
                  | [Jiyva's grace]
    72 | D        | Killed a water nymph
    74 | D        | Killed a hornet
    74 | D        | Gained mutation: Armour fits poorly on your pseudopods.
                  | [Jiyva's grace]
    75 | D        | Killed a dream sheep
    75 | D        | Killed an alligator
    76 | D        | Gained mutation: You have a pair of small horns on your
                  | head. [Jiyva's grace]
    77 | D        | Learned a level 5 spell: Manifold Assault
    77 | D        | Lost mutation: You occasionally shout uncontrollably at
                  | your foes. [Jiyva's grace]
    77 | D        | Gained mutation: You are agile. (Dex +2) [Jiyva's grace]
    77 | D        | Lost mutation: Armour fits poorly on your pseudopods.
                  | [Jiyva's grace]
    77 | D        | Gained mutation: You evolve. [Jiyva's grace]
    78 | D        | Lost mutation: You passively map a small area around you.
                  | [Jiyva's grace]
    78 | D        | Killed a death drake
    80 | D        | Learned a level 2 spell: Blink
    80 | D        | Killed a quicksilver ooze
    80 | D        | Gained mutation: You are covered in slimy tendrils that may
                  | disarm your opponents. [Jiyva's grace]
    80 | D        | Gained mutation: You rapidly evolve. [Jiyva's grace]
    80 | D        | Lost mutation: You rapidly evolve. [Jiyva's grace]
    80 | D        | Lost mutation: You are partially covered in iridescent
                  | scales. (AC +2) [Jiyva's grace]
    80 | D        | Lost mutation: You have a somewhat thin skeletal structure.
                  | (Dex +2, Stealth+) [Jiyva's grace]
    80 | D        | Gained mutation: You have a small jelly attached to you
                  | that senses nearby items. [Jiyva's grace]
    80 | D        | Gained mutation: Your melee attacks may engulf your foes in
                  | ooze. [Jiyva's grace]
    80 | D        | Lost mutation: You are covered in thick fur. (AC +2)
                  | [Jiyva's grace]
    80 | D        | Lost mutation: You evolve. [Jiyva's grace]
    80 | D        | Gained mutation: You are somewhat resistant to further
                  | mutation. [Jiyva's grace]
    80 | D        | Lost mutation: Your spells are a little harder to cast, but
                  | a little more powerful. [Jiyva's grace]
    80 | D        | Gained mutation: Your translucent skin slightly reduces
                  | your foes' accuracy. (Stealth+) [Jiyva's grace]
    80 | D        | Killed a yaktaur
    83 | D        | Killed an emperor scorpion
    84 | D        | Entered arena 4.
    84 | D        | Noticed a merfolk
    84 | D        | Noticed a merfolk
    84 | D        | Noticed a merfolk
    84 | D        | Noticed a merfolk
    84 | D        | Gained mutation: You are very agile. (Dex +4) [Jiyva's
                  | grace]
    84 | D        | Found a transporter.
    87 | D        | Gained mutation: Your mind is acute. (Int +2) [Jiyva's
                  | grace]
    87 | D        | Killed a komodo dragon
    88 | D        | Killed a merfolk
    88 | D        | Killed a merfolk
    88 | D        | Gained mutation: Your translucent skin reduces your foes'
                  | accuracy. (Stealth+) [Jiyva's grace]
    89 | D        | Reached skill level 5 in Fighting
    89 | D        | Reached skill level 9 in Dodging
    89 | D        | Reached skill level 5 in Spellcasting
    89 | D        | Gained mutation: You are covered in thick fur. (AC +2)
                  | [Felid growth]
    89 | D        | Reached XP level 6. HP: 22/30 MP: 12/14
    89 | D        | Gained mutation: Your transparent skin significantly
                  | reduces your foes' accuracy. (Stealth+) [Jiyva's grace]
    90 | D        | Killed a merfolk
    92 | D        | Lost mutation: Your mind is acute. (Int +2) [Jiyva's grace]
    92 | D        | Lost mutation: You have acidic saliva. [Jiyva's grace]
    92 | D        | Killed a merfolk
    93 | D        | Reached skill level 10 in Dodging
    93 | D        | Reached XP level 7. HP: 33/33 MP: 15/15
    94 | D        | Gained mutation: You sometimes lose the ability to read
                  | scrolls when taking damage. [Jiyva's grace]
    94 | D        | Lost mutation: Your melee attacks may engulf your foes in
                  | ooze. [Jiyva's grace]
    94 | D        | Killed a harpy
    94 | D        | Killed a hog
    96 | D        | Lost mutation: You sometimes lose the ability to read
                  | scrolls when taking damage. [Jiyva's grace]
    97 | D        | Lost mutation: You have a small jelly attached to you that
                  | senses nearby items. [Jiyva's grace]
    98 | D        | Killed a cyclops
    98 | D        | Lost mutation: You are covered in slimy tendrils that may
                  | disarm your opponents. [Jiyva's grace]
   102 | D        | Lost mutation: You are very agile. (Dex +4) [Jiyva's grace]
   102 | D        | Gained mutation: You are partially covered in iridescent
                  | scales. (AC +2) [Jiyva's grace]
   104 | D        | Lost mutation: You are partially covered in iridescent
                  | scales. (AC +2) [Jiyva's grace]
   104 | D        | Lost mutation: You have a pair of small horns on your head.
                  | [Jiyva's grace]
   105 | D        | Gained mutation: You have a small jelly attached to you
                  | that may absorb incoming projectiles. [Jiyva's grace]
   105 | D        | Gained mutation: You expend magic power (3 MP) to
                  | strengthen your wands. [Jiyva's grace]
   107 | D        | Lost mutation: You expend magic power (3 MP) to strengthen
                  | your wands. [Jiyva's grace]
   107 | D        | Gained mutation: Your spells are a little harder to cast,
                  | but a little more powerful. [Jiyva's grace]
   108 | D        | Entered arena 5.
   108 | D        | Noticed a yak
   108 | D        | Lost mutation: You are somewhat resistant to further
                  | mutation. [Jiyva's grace]
   108 | D        | Gained mutation: You are very agile. (Dex +4) [Jiyva's
                  | grace]
   108 | D        | Found a transporter.
   110 | D        | Lost mutation: You are very agile. (Dex +4) [Jiyva's grace]
   112 | D        | Killed a yak
   115 | D        | Killed a shadow dragon
   116 | D        | Lost mutation: Your transparent skin significantly reduces
                  | your foes' accuracy. (Stealth+) [Jiyva's grace]
   121 | D        | Entered arena 6.
   121 | D        | Found a transporter.
   125 | D        | Lost mutation: You are agile. (Dex +2) [Jiyva's grace]
   126 | D        | Reached skill level 11 in Dodging
   131 | D        | Gained mutation: Your mind is acute. (Int +2) [Jiyva's
                  | grace]
   135 | D        | Gained mutation: You have a pair of small horns on your
                  | head. [Jiyva's grace]
   140 | D        | Gained mutation: You expend magic power (3 MP) to
                  | strengthen your wands. [Jiyva's grace]
   146 | D        | Gained mutation: You are strong-willed. (Will+) [Jiyva's
                  | grace]
   148 | D        | Lost mutation: Your spells are a little harder to cast, but
                  | a little more powerful. [Jiyva's grace]
   149 | D        | Gained mutation: Your body sometimes deteriorates upon
                  | taking damage. [Jiyva's grace]
   152 | D        | Entered arena 7.
   152 | D        | Found the +5 robe of Misfortune {Contam Harm *Corrode Drain
                  | *Slow EV+5}
   152 | D        | Gained mutation: You have a pair of horns on your head.
                  | [Jiyva's grace]
   154 | D        | Reached XP level 8. HP: 37/37 MP: 16/16
   154 | D        | Lost mutation: Your translucent skin reduces your foes'
                  | accuracy. (Stealth+) [Jiyva's grace]
   154 | D        | Gained mutation: Armour fits poorly on your pseudopods.
                  | [Jiyva's grace]
   160 | D        | Lost mutation: Your mind is acute. (Int +2) [Jiyva's grace]
   160 | D        | Lost mutation: You expend magic power (3 MP) to strengthen
                  | your wands. [Jiyva's grace]
   160 | D        | Lost mutation: Your natural rate of healing is unusually
                  | fast. [Jiyva's grace]
   161 | D        | Reached skill level 12 in Dodging
   161 | D        | Found a transporter.
   166 | D        | Gained mutation: You are partially covered in iridescent
                  | scales. (AC +2) [Jiyva's grace]
   170 | D        | Got the ring "Buryic" {rF+ Will++ SInv}
   171 | D        | Lost mutation: Your translucent skin slightly reduces your
                  | foes' accuracy. (Stealth+) [Jiyva's grace]
   171 | D        | Gained mutation: Your skin changes colour to match your
                  | surroundings (Stealth+). [Jiyva's grace]
   173 | D        | Entered arena 8.
   173 | D        | Noticed a smoke demon
   173 | D        | Noticed a wretched star
   173 | D        | Noticed a tentacled starspawn
   176 | D        | Lost mutation: Your body sometimes deteriorates upon taking
                  | damage. [Jiyva's grace]
   181 | D        | Gained mutation: You have a somewhat thin skeletal
                  | structure. (Dex +2, Stealth+) [Jiyva's grace]
   182 | D        | Found a transporter.
   183 | D        | Lost mutation: You are partially covered in iridescent
                  | scales. (AC +2) [Jiyva's grace]
   184 | D        | Killed a smoke demon
   185 | D        | Reached skill level 10 in Unarmed Combat
   188 | D        | Killed a wretched star
   189 | D        | Reached skill level 13 in Dodging
   189 | D        | Reached skill level 15 in Translocations
   189 | D        | Killed a tentacled starspawn
   189 | D        | Lost mutation: You have a small jelly attached to you that
                  | may absorb incoming projectiles. [Jiyva's grace]
   190 | D        | Reached skill level 14 in Dodging
   190 | D        | Reached XP level 9. HP: 40/40 MP: 17/17
   196 | D        | Lost mutation: You have a pair of horns on your head.
                  | [Jiyva's grace]
   201 | D        | Lost mutation: Your skin changes colour to match your
                  | surroundings (Stealth+). [Jiyva's grace]
   201 | D        | Gained mutation: Your translucent skin slightly reduces
                  | your foes' accuracy. (Stealth+) [Jiyva's grace]
   210 | D        | Entered arena 9.
   210 | D        | Noticed a deep elf zephyrmancer
   210 | D        | Noticed a deep elf knight
   210 | D        | Noticed a deep elf zephyrmancer
   210 | D        | Noticed a deep elf zephyrmancer
   210 | D        | Noticed a deep elf pyromancer
   210 | D        | Lost mutation: Your translucent skin slightly reduces your
                  | foes' accuracy. (Stealth+) [Jiyva's grace]
   210 | D        | Gained mutation: You are somewhat resistant to further
                  | mutation. [Jiyva's grace]
   210 | D        | Gained mutation: Your body has grown golden eyes which may
                  | confuse attackers. (Acc +3) [Jiyva's grace]
   214 | D        | Paralysed by an air elemental for 1 turns
   215 | D        | Gained mutation: You are covered in slimy tendrils that may
                  | disarm your opponents. [Jiyva's grace]
   218 | D        | Reached skill level 15 in Dodging
   218 | D        | Killed a deep elf zephyrmancer
   219 | D        | Gained mutation: You are clumsy. (Dex -2) [Jiyva's grace]
   220 | D        | Killed a deep elf zephyrmancer
   221 | D        | Killed a deep elf zephyrmancer
   222 | D        | Reached XP level 10. HP: 47/47 MP: 18/18
   222 | D        | Killed a deep elf pyromancer
   223 | D        | Reached skill level 16 in Dodging
   223 | D        | Killed a deep elf knight
   224 | D        | Found a transporter.
   225 | D        | Gained mutation: You are partially covered in iridescent
                  | scales. (AC +2) [Jiyva's grace]
   231 | D        | Gained mutation: Your body has grown many golden eyes which
                  | may confuse attackers. (Acc +5) [Jiyva's grace]
   237 | D        | Gained mutation: You have acidic saliva. [Jiyva's grace]
   242 | D        | Lost mutation: You are somewhat resistant to further
                  | mutation. [Jiyva's grace]
   248 | D        | Gained mutation: Your spells are a little harder to cast,
                  | but a little more powerful. [Jiyva's grace]
   251 | D        | Lost mutation: You have a pair of small horns on your head.
                  | [Jiyva's grace]
   253 | D        | Entered arena 10.
   253 | D        | Noticed a mummy priest
   253 | D        | Noticed a death scarab
   253 | D        | Noticed a mummy priest
   255 | D        | Gained mutation: You have a small jelly attached to you
                  | that senses nearby items. [Jiyva's grace]
   261 | D        | Gained mutation: You are mostly covered in iridescent
                  | scales. (AC +4) [Jiyva's grace]
   261 | D        | Lost mutation: You have a small jelly attached to you that
                  | senses nearby items. [Jiyva's grace]
   262 | D        | Lost mutation: You are covered in slimy tendrils that may
                  | disarm your opponents. [Jiyva's grace]
   263 | D        | Gained mutation: You have a pair of small antennae on your
                  | head. [Jiyva's grace]
   266 | D        | Killed a death scarab
   266 | D        | Killed a mummy priest
   266 | D        | Engulfed by an ushabti's foul pestilence
   267 | D        | Reached XP level 9. HP: 0/44 MP: 17/17
   268 | D        | Noticed a death drake
   268 | D        | Noticed a fire dragon
   268 | D        | Noticed a swamp dragon
   269 | D        | Noticed a rime drake
   269 | D        | Noticed a swamp dragon
   269 | D        | Noticed a rime drake
   269 | D        | Noticed a rime drake
   269 | D        | Noticed a swamp dragon
   271 | D        | Found a transporter.
   271 | D        | Noticed a rime drake
   274 | D        | Succumbed to a death drake's dark miasma
   274 | D        | Lost mutation: You are clumsy. (Dex -2) [Jiyva's grace]
   275 | D        | Reached XP level 8. HP: 1/42 MP: 13/16
   286 | D        | Reached skill level 17 in Dodging
   289 | D        | Reached XP level 9. HP: 42/45 MP: 17/17
   290 | D        | Noticed an ice devil
   291 | D        | Lost mutation: Your spells are a little harder to cast, but
                  | a little more powerful. [Jiyva's grace]
   292 | D        | Killed a mummy priest
   293 | D        | Found a transporter.
   298 | D        | Gained mutation: Your spells are a little harder to cast,
                  | but a little more powerful. [Jiyva's grace]
   314 | D        | Lost mutation: You have a pair of small antennae on your
                  | head. [Jiyva's grace]
   325 | D        | Learned a level 7 spell: Storm Form
   325 | D        | Entered arena 11.
   325 | D        | Noticed a guardian mummy
   325 | D        | Noticed a guardian mummy
   325 | D        | Noticed a guardian mummy
   325 | D        | Noticed a death scarab
   329 | D        | Killed a death scarab
   329 | D        | Killed a guardian mummy
   329 | D        | Killed a guardian mummy
   329 | D        | Killed a guardian mummy
   330 | D        | Reached skill level 10 in Fighting
   330 | D        | Reached XP level 10. HP: 38/51 MP: 18/18
   330 | D        | Found a transporter.
   334 | D        | Lost mutation: Your body has grown many golden eyes which
                  | may confuse attackers. (Acc +5) [Jiyva's grace]
   343 | D        | Gained mutation: Your melee attacks may engulf your foes in
                  | ooze. [Jiyva's grace]
   344 | D        | Gained mutation: You are covered in slimy tendrils that may
                  | disarm your opponents. [Jiyva's grace]
   344 | D        | Gained mutation: Your mind is acute. (Int +2) [Jiyva's
                  | grace]
   356 | D        | Learned a level 2 spell: Ensorcelled Hibernation
   360 | D        | Learned a level 3 spell: Teleport Other
   360 | D        | Lost mutation: You have acidic saliva. [Jiyva's grace]
   361 | D        | Entered arena 12.
   361 | D        | Noticed an iron dragon
   361 | D        | Noticed a crystal guardian
   363 | D        | Noticed an iron golem
   366 | D        | Lost mutation: Your spells are a little harder to cast, but
                  | a little more powerful. [Jiyva's grace]
   372 | D        | Lost mutation: Armour fits poorly on your pseudopods.
                  | [Jiyva's grace]
   375 | D        | Killed a crystal guardian
   376 | D        | Reached skill level 18 in Dodging
   377 | D        | Killed an iron golem
   378 | D        | Reached skill level 5 in Transmutations
   381 | D        | HP: 1/51 [iron dragon (18)]
   381 | D        | Mangled by an iron dragon

Illustrated notes

Levels and vault maps discovered:
D:        sprint_v [room_start, room_1, room_2, room_3, room_4, room_5, room_6,
          room_7, room_8, room_9, room_10, room_11, room_12, room_13, room_14,
          room_15, room_16, room_17, room_18, room_19, room_20, room_21,
          room_22, room_23, room_24, room_25, room_26, room_27]

Skill      XL: |  1  2  3  4  5  6  7  8  9 10 |
---------------+-------------------------------+-----
Dodging        | 5 7 9 10 11 17 15 18 | 18.2
Stealth        | 4 |  4.4
Unarmed Combat | 3 4 5 7 8 9 12 14 13 | 14.7
Translocations | 8 9 11 12 13 16 17 | 17.9
Fighting       | 4 5 9 10 8 | 10.6
Spellcasting   | 4 5 |  5.0
Transmutations | 3 5 |  5.4

Action                   |  1- 3 |  4- 6 |  7- 9 | 10-12 || total
-------------------------+-------+-------+-------+-------++-------
Melee: Unarmed           |    14 |     6 |   139 |    92 ||   251
       Pseudopods        |     3 |       |     1 |     2 ||     6
       Bite              |     2 |       |     2 |     1 ||     5
       Punch             |     1 |       |     3 |       ||     4
       Headbutt          |       |     1 |     2 |       ||     3
 Cast: Manifold Assault  |       |     3 |    41 |    26 ||    70
       Blink             |       |     1 |     1 |       ||     2
Evoke: Piece from Xom's  |       |       |     1 |       ||     1
       Box of beasts     |       |       |     1 |       ||     1
       Lightning rod     |       |       |       |     1 ||     1
       Condenser vane    |       |       |       |     1 ||     1
  Use: Potion            |     1 |       |     4 |     2 ||     7
       Scroll            |       |       |     1 |     1 ||     2
 Stab: Sleeping          |       |       |     2 |       ||     2
Armor: Skin              |     3 |       |     4 |     4 ||    11
Dodge: Dodged            |    11 |     5 |    55 |    31 ||   102
